 Dungeon Crawl Stone Soup version 0.19-a0-1682-g5114f93 (webtiles) character file.

3386 Amnesiac the Covert (level 9, -7/57 HPs)
             Began as a Mummy Enchanter on Sept 25, 2016.
             Was an Initiate of Gozag.
             Killed by divine providence
             ... invoked by an orc priest
              (12 damage)
             ... on level 8 of the Dungeon.
             The game lasted 00:22:02 (12742 turns).

Amnesiac the Covert (Mummy Enchanter)              Turns: 12742, Time: 00:22:03

Health: -7/57      AC:  5    Str: 11    XL:     9   Next: 74%
Magic:  0/12       EV: 12    Int: 18    God:    Gozag
Gold:   824        SH:  0    Dex: 12    Spells: 5 memorised, 1 level left

rFire  . . .     SeeInvis +     u - +1 dagger (vamp)
rCold  + . .     Gourm    .     b - +1 robe
rNeg   + + +     Faith    .     (no shield)
rPois  ∞         Spirit   .     n - +0 helmet
rElec  .         Dismiss  .     (no cloak)
rCorr  .         Reflect  .     (no gloves)
MR     +....     Harm     .     (no boots)
Stlth  ++++......               (no amulet)
                                s - ring of see invisible
                                m - ring of protection from fire

@: no status effects
A: no food or potions, fire vulnerability, cold resistance 1, negative energy
resistance 3, torment resistance, unbreathing
a: Potion Petition, Call Merchant, Bribe Branch, Renounce Religion


You were on level 8 of the Dungeon.
You worshipped Gozag.
Gozag was pleased with you.
You were not hungry.

You visited 2 branches of the dungeon, and saw 9 of its levels.

You collected 867 gold pieces.
You paid 43 gold pieces to Gozag.

Inventory:

Hand Weapons
 u - a +1 vampiric dagger (weapon)
Armour
 b - a +1 robe (worn)
 n - a +0 helmet (worn)
Jewellery
 k - an uncursed ring of protection from cold
 m - a ring of protection from fire (left hand)
 q - an uncursed ring of protection from magic
 s - a ring of see invisible (right hand)
Wands
 t - a wand of paralysis (15/24)
Scrolls
 a - a scroll of teleportation
 f - 3 scrolls of remove curse
 g - 2 scrolls of enchant weapon {unknown}
 i - 3 scrolls of enchant armour {unknown}
 j - a scroll of recharging {unknown}
 l - a scroll of magic mapping {unknown}
 o - a scroll of amnesia
 r - 3 scrolls of fog
 v - a scroll of random uselessness
Books
 c - a book of Maledictions

   Spells                             Type                      Level
   a - Corona                         Hexes                        1
   b - Ensorcelled Hibernation        Hexes/Ice                    2
   c - Confuse                        Hexes                        3
   d - Tukima's Dance                 Hexes                        3
   e - Dazzling Spray                 Conjuration/Hexes            3
 h - a book of Spatial Translocations

   Spells                             Type                      Level
   a - Apportation                    Translocation                1
   b - Blink                          Translocation                2
   c - Shroud of Golubria             Charms/Translocation         2
   d - Portal Projectile              Translocation                3
   e - Teleport Other                 Translocation                3
   f - Passage of Golubria            Translocation                4
 p - a book of Air

   Spells                             Type                      Level
   a - Shock                          Conjuration/Air              1
   b - Swiftness                      Charms/Air                   2
   c - Repel Missiles                 Charms/Air                   2
   d - Static Discharge               Conjuration/Air              3
   e - Lightning Bolt                 Conjuration/Air              5


   Skills:
 + Level 5.1 Short Blades
 - Level 1.5 Dodging
 - Level 9.0 Stealth
 - Level 2.0 Spellcasting
 - Level 8.0 Hexes


You had one spell level left.
You knew the following spells:

 Your Spells              Type           Power        Failure   Level  Hunger
a - Repel Missiles        Chrm/Air       #.....       28%         2    N/A
e - Confuse               Hex            ####....     1%          3    N/A
f - Ensorcelled Hibernat  Hex/Ice        ###...       6%          2    N/A
q - Corona                Hex            ####...      1%          1    N/A
w - Tukima's Dance        Hex            ####....     1%          3    N/A

Dungeon Overview and Level Annotations

Branches:
Dungeon (8/15)             Temple (1/1) D:4
   Lair: D:8-11

Altars:
Ashenzari
Elyvilon
Fedhas
Gozag
Hepliaklqana
Kikubaaqudgha
Makhleb
Nemelex Xobeh
Okawaru
Ru
Sif Muna
Trog
Uskayaw
Xom
Yredelemnul
Zin

Annotations:
D:4 braks's ghost, amateur HONe
D:8 Pikel


Innate Abilities, Weirdness & Mutations

You do not eat or drink.
Your flesh is vulnerable to fire.
You are immune to poison.
Your flesh is cold resistant. (rC+)
You are immune to negative energy. (rN+++)
You are immune to unholy pain and torment.
You can survive without breathing.


Message History

You hit Pikel but do no damage.
Pikel is severely wounded.
Pikel closely misses you.
You closely miss Pikel.
Pikel is severely wounded.
Pikel hits the slave!
The orc priest invokes the aid of Beogh against you.
Beogh smites you!
* * * LOW HITPOINT WARNING * * *
Unknown command.
You hit Pikel.
Pikel is almost dead.
Pikel closely misses the slave.
Unknown command.
You hit Pikel but do no damage.
Pikel is almost dead.
The orc priest invokes the aid of Beogh against you.
Beogh smites you!
You die...
Your body crumbles into a pile of gold.

##.###..#.#......#......#........
.....................$...$$..>###
##.####...###.#......##.#p#...#
##.#####..#..(#......##.#p#.#.#
.....# #..#.#.#......##.#p#.#.#
.....# #..#.#...........#p#.#.#
.....####.#......########.#.#.#
..............###########)#.#.#
..o...........W.@Kppppo..)..#.#
.............(###########.###.#
............(.............#...#
o#....####.##)##.o######.)#.#####
o#....####.##.##..# #..#......
......'G[..##.##..######..#######
.#G...####G.#$............#
.#....# #...$............#
.#....####...$##..........#


You could see Pikel (confused), a hungry ghost, 4 slaves and an orc priest.

Vanquished Creatures
  Joseph (D:7)
  2 hippogriffs
  A steam dragon (D:7)
  Edmund (D:4)
  A black bear (D:6)
  A sky beast (D:7)
  An ice beast (D:5)
  A necrophage (D:6)
  An orc warrior (D:8)
  3 ogres (D:4)
  A centaur (D:8)
  A phantom (D:6)
  3 bullfrogs
  A wyvern skeleton (D:8)
  5 scorpions
  4 wights (D:6)
  A crimson imp (D:6)
  6 orc priests
  3 hounds
  7 orc wizards
  A centaur skeleton (D:6)
  3 iguanas
  6 worker ants
  A hound skeleton (D:7)
  Robin (D:2)
  A howler monkey skeleton (D:6)
  3 adders
  4 gnolls (D:2)
  A shadow imp (D:6)
  2 oozes
  4 adder skeletons
  5 worms
  2 dart slugs
  3 leopard geckos
  13 orcs
  8 giant cockroaches
  12 goblins
  8 hobgoblins
  6 jackals
  8 kobolds
  6 quokkas
  4 ball pythons
  10 bats
  8 frilled lizards
  A leopard gecko skeleton (D:6)
  A quokka skeleton (D:5)
  11 rats
178 creatures vanquished.

Vanquished Creatures (collateral kills)
  A scorpion (D:4)
  An orc priest (D:8)
  Ijyb (D:3)
  A gnoll (D:3)
  An orc (D:5)
5 creatures vanquished.

Vanquished Creatures (others)
  13 dancing weapons
  A black bear (D:3)
  A hound (D:3)
15 creatures vanquished.

Grand Total: 198 creatures vanquished

Notes
Turn   | Place    | Note
-------+----------+-------------------------------------------
     0 | D:1      | Amnesiac the Mummy Enchanter began the quest for the Orb.
     0 | D:1      | Reached XP level 1. HP: 13/13 MP: 3/3
   160 | D:1      | Reached XP level 2. HP: 18/19 MP: 5/5
   575 | D:1      | Reached skill level 1 in Short Blades
   985 | D:1      | Found a sparkling altar of Nemelex Xobeh.
  1155 | D:2      | Reached XP level 3. HP: 19/24 MP: 4/6
  1190 | D:2      | Noticed Robin
  1425 | D:2      | Learned a level 3 spell: Confuse
  1518 | D:2      | Killed Robin
  2060 | D:2      | Reached XP level 4. HP: 18/30 MP: 0/7
  2169 | D:2      | Learned a level 3 spell: Tukima's Dance
  2897 | D:3      | Reached skill level 5 in Hexes
  3108 | D:3      | Noticed Ijyb
  3142 | D:3      | Killed Ijyb
  3142 | D:3      | Reached XP level 5. HP: 21/35 MP: 3/8
  3433 | D:3      | Found an iron altar of Okawaru.
  3538 | D:3      | Found a bloodstained altar of Trog.
  3538 | D:3      | Found a hazy altar of Hepliaklqana.
  3582 | D:3      | Found an ancient bone altar of Kikubaaqudgha.
  3726 | D:3      | Noticed a black bear
  3767 | D:3      | Killed a black bear
  4506 | D:3      | Found a deep blue altar of Sif Muna.
  5153 | D:3      | Reached XP level 6. HP: 37/41 MP: 6/9
  5670 | D:4      | Noticed braks's ghost (amateur HONe)
  6359 | D:4      | Found a staircase to the Ecumenical Temple.
  6483 | Temple   | Entered the Ecumenical Temple
  6492 | Temple   | Became a worshipper of Gozag Ym Sagoz the Greedy
  6529 | D:4      | Reached XP level 7. HP: 35/46 MP: 2/10
  6836 | D:4      | Found a burning altar of Makhleb.
  7238 | D:5      | Entered Level 5 of the Dungeon
  7238 | D:5      | Found Icsah's Armour Shoppe.
  7940 | D:5      | Noticed Edmund
  8113 | D:4      | Killed Edmund
  8113 | D:4      | Reached XP level 8. HP: 43/52 MP: 6/11
  8642 | D:6      | Learned a level 2 spell: Ensorcelled Hibernation
  8656 | D:6      | Learned a level 2 spell: Repel Missiles
  8734 | D:6      | Reached skill level 3 in Stealth
  9198 | D:7      | Reached skill level 4 in Stealth
  9328 | D:7      | Found a white marble altar of Elyvilon.
  9458 | D:7      | Noticed a hippogriff
  9479 | D:7      | Killed a hippogriff
  9479 | D:7      | Reached skill level 5 in Stealth
  9480 | D:7      | Found a glowing silver altar of Zin.
  9676 | D:7      | Noticed a hippogriff
  9686 | D:7      | Noticed Joseph
  9713 | D:6      | Killed a hippogriff
  9713 | D:6      | Reached skill level 6 in Stealth
 10165 | D:6      | Found a shimmering altar of Xom.
 10167 | D:6      | Reached XP level 9. HP: 57/57 MP: 12/12
 10290 | D:6      | Found a shattered altar of Ashenzari.
 10400 | D:6      | Reached skill level 7 in Stealth
 11123 | D:7      | HP: 1/57 [Joseph/sling bullet (13)]
 11140 | D:7      | Killed Joseph
 11140 | D:7      | Reached skill level 5 in Short Blades
 11650 | D:7      | Reached skill level 8 in Stealth
 12633 | D:8      | Reached skill level 9 in Stealth
 12702 | D:8      | Noticed Pikel
 12742 | D:8      | Killed from afar by an orc priest

Vault maps used:
D:1:      onia_arrival_mini_spirals, nemelex_xobeh_ov_fountains_minmay
D:2:      uniq_robin
D:3:      nicolae_overflow_crystal_walls, led_sif_book,
          nicolae_overflow_hidden_temple, gammafunk_temple_overflow_elements,
          st_stairs_14, kennysheep_decorative_pillar, minmay_crystal_water,
          lemuel_flame_loot_1, uniq_iyjb
D:4:      makhleb_heckhound_becter, first_bread
D:5:      serial_shops, shop, uniq_edmund
D:6:      ashenzari_altar_1, basic_altar, hangedman_decor_diamond_cutter
D:7:      kennysheep_little_box, basic_altar, uniq_joseph
D:8:      slow_altar_1, nicolae_dithmenos_through_a_glass_darkly, serial_shops,
          nicolae_shop_trees, uniq_psyche, uniq_pikel, uniq_maurice
Temple:   compressed_dpeg_triangle_lava_temple

Skill      XL: |  1  2  3  4  5  6  7  8  9 |
---------------+----------------------------+-----
Hexes          | 3 4 5 6 7 8 |  8.0
Short Blades   | 1 3 4 5 |  5.1
Stealth        | 6 9 |  9.0
Dodging        | |  1.5
Spellcasting   | |  2.0

Action                   |  1- 3 |  4- 6 |  7- 9 || total
-------------------------+-------+-------+-------++-------
Melee: Dagger            |    72 |       |   471 ||   543
       Falchion          |    74 |   329 |    95 ||   498
 Cast: Corona            |     5 |     3 |       ||     8
       Confuse           |     5 |    37 |    84 ||   126
       Tukima's Dance    |       |    12 |    22 ||    34
       Ensorcelled Hiber |       |       |    14 ||    14
       Repel Missiles    |       |       |     1 ||     1
Invok: Potion Petition   |       |       |     1 ||     1
  Use: Scroll            |     1 |       |     6 ||     7
 Stab: Sleeping          |     2 |     5 |    18 ||    25
       Confused          |     2 |     8 |    44 ||    54
       Distracted        |       |     1 |     1 ||     2
       Invisible         |       |       |     3 ||     3
Armor: Robe              |    45 |    71 |    86 ||   202
Dodge: Dodged            |   110 |   209 |   243 ||   562
       Deflected         |       |       |     1 ||     1
